TOP OF THE 1ST |
San Antonio BC batting - Pitching for Glendale Herons : RHP Albert Braun
|
Pitching: RHP Albert Braun
|
|
Batting: RHB Rodney Hanna
|
0-0: Foul Ball, location: 2F 0-1: Ground out 4-3 (Groundball, 4M)
|
Batting: RHB Alfredo Mojica
|
0-0: Called Strike 0-1: Called Strike 0-2: Strikes out looking
|
Batting: RHB Jesús Villalba
|
0-0: Ball 1-0: Foul Ball, location: 2F 1-1: SINGLE (Groundball, 56)
|
Batting: RHB Carlos Vega
|
0-0: Ball 1-0: Ball Wild Pitch! Jesús Villalba to second 2-0: 2-RUN HOME RUN (Flyball, 7D), Distance : 370 ft
|
Batting: RHB Alfonso Bocanegra
|
0-0: Ball 1-0: Ball 2-0: Foul Ball, location: 2F 2-1: Ball 3-1: Base on Balls
|
Batting: RHB Franklin Gestel
|
0-0: Called Strike 0-1: Ball 1-1: Fly out, F3 (Popup, 3SF)
|
Top of the 1st over - 2 run(s), 2 hit(s), 0 error(s), 1 left on base; San Antonio 2 - Glendale 0 |
BOTTOM OF THE 1ST |
Glendale Herons batting - Pitching for San Antonio BC : RHP Bryan Palmer
|
Pitching: RHP Bryan Palmer
|
|
Batting: SHB Pedro Vásquez
|
0-0: Ball 1-0: Ball 2-0: Ball 3-0: Base on Balls
|
Batting: RHB Jordan Hollins
|
0-0: Ball 1-0: Fly out, F9 (Flyball, 89M)
|
Batting: RHB Rubén Campos
|
0-0: Ball 1-0: Ball 2-0: Ball Wild Pitch! Pedro Vásquez to second 3-0: Called Strike 3-1: Base on Balls
|
Batting: RHB Héctor Moreno
|
0-0: Ball 1-0: Ball 2-0: Ball 3-0: Base on Balls Pedro Vásquez to third Rubén Campos to second
|
Batting: RHB Cristián Lima
|
0-0: Called Strike 0-1: Ball 1-1: Swinging Strike 1-2: Ball 2-2: Ball 3-2: SINGLE (Line Drive, 56) Pedro Vásquez scores Rubén Campos to third Héctor Moreno to second Runner from 3rd tries for Home, SAFE, no throw or cutoff
|
Batting: RHB José Masaferro
|
0-0: Ball 1-0: Ball 2-0: Ball 3-0: Called Strike Reached via error on a dropped throw, E6 Héctor Moreno to third Cristián Lima to second
|
Batting: LHB Esteban Trujillo
|
0-0: Foul Ball, location: 2F 0-1: Ball 1-1: Ball 2-1: Ball 3-1: Fly out, F7 (Flyball, 7S)
|
Batting: RHB Luis Trevino
|
0-0: Ground out 4-3 (Groundball, 4)
|
Bottom of the 1st over - 2 run(s), 1 hit(s), 1 error(s), 3 left on base; San Antonio 2 - Glendale 2 |
TOP OF THE 2ND |
San Antonio BC batting - Pitching for Glendale Herons : RHP Albert Braun
|
Batting: LHB Miguel García
|
0-0: Ball 1-0: Called Strike 1-1: Fly out, F7 (Flyball, 7LM)
|
Batting: RHB Martín Álvarez
|
0-0: Ball 1-0: Fly out, F9 (Flyball, 9S)
|
Batting: LHB Earl Wiley
|
0-0: Foul Ball, location: 2F 0-1: Ground out 5-3 (Groundball, 56)
|
Top of the 2nd over - 0 run(s), 0 hit(s), 0 error(s), 0 left on base; San Antonio 2 - Glendale 2 |
BOTTOM OF THE 2ND |
Glendale Herons batting - Pitching for San Antonio BC : RHP Bryan Palmer
|
Batting: LHB Marvin von Seydlitz
|
0-0: Ball 1-0: Ball 2-0: Ball 3-0: Base on Balls
|
Batting: SHB Pedro Vásquez
|
0-0: Swinging Strike 0-1: Ball 1-1: Ball 2-1: Ball 3-1: Foul Ball, location: 2F 3-2: Strikes out swinging
|
Batting: RHB Jordan Hollins
|
0-0: Called Strike 0-1: Foul Ball, location: 2F 0-2: Strikes out looking
|
Batting: RHB Rubén Campos
|
0-0: Ball Marvin von Seydlitz steals 2nd base 1-0: Called Strike 1-1: Ball 2-1: Called Strike 2-2: Ball 3-2: Ground out 6-3 (Groundball, 6M)
|
Bottom of the 2nd over - 0 run(s), 0 hit(s), 0 error(s), 1 left on base; San Antonio 2 - Glendale 2 |
TOP OF THE 3RD |
San Antonio BC batting - Pitching for Glendale Herons : RHP Albert Braun
|
Batting: RHB Rodney Hanna
|
0-0: Foul Ball, location: 2F 0-1: DOUBLE (Groundball, 3L)
|
Batting: RHB Alfredo Mojica
|
0-0: Ground out 5-3 (Groundball, 5)
|
Batting: RHB Jesús Villalba
|
0-0: Called Strike 0-1: Foul Ball, location: 2F 0-2: Ball 1-2: Foul Ball, location: 2F 1-2: Foul Ball, location: 2F 1-2: Fly out, F6 (Line Drive, 6M)
|
Batting: RHB Carlos Vega
|
0-0: Ball 1-0: Ball 2-0: Ball 3-0: Called Strike 3-1: Base on Balls
|
Batting: RHB Alfonso Bocanegra
|
0-0: Ball 1-0: Ball 2-0: Swinging Strike 2-1: Foul Ball, location: 2F 2-2: SINGLE (Line Drive, 4D) Rodney Hanna to third Carlos Vega to second Runner from 3rd tries for Home, SAFE, no throw or cutoff
|
Batting: RHB Franklin Gestel
|
0-0: Fly out, F9 (Flyball, 9LM)
|
Top of the 3rd over - 1 run(s), 2 hit(s), 0 error(s), 2 left on base; San Antonio 3 - Glendale 2 |
BOTTOM OF THE 3RD |
Glendale Herons batting - Pitching for San Antonio BC : RHP Bryan Palmer
|
Batting: RHB Héctor Moreno
|
0-0: Ball 1-0: Ball 2-0: Ball 3-0: Base on Balls
|
Batting: RHB Cristián Lima
|
0-0: Called Strike 0-1: SINGLE (Line Drive, 6M) Héctor Moreno to second
|
Batting: RHB José Masaferro
|
0-0: Ball 1-0: Ball 2-0: Foul Ball, location: 2F 2-1: Grounds into double play, 4-6-3 (Groundball, 4) Héctor Moreno to third
|
Batting: LHB Esteban Trujillo
|
0-0: Ground out U3 (Groundball, 3L)
|
Bottom of the 3rd over - 0 run(s), 1 hit(s), 0 error(s), 1 left on base; San Antonio 3 - Glendale 2 |
TOP OF THE 4TH |
San Antonio BC batting - Pitching for Glendale Herons : RHP Albert Braun
|
Batting: LHB Miguel García
|
0-0: Ball 1-0: Fly out, F7 (Flyball, 7M)
|
Batting: RHB Martín Álvarez
|
0-0: Called Strike 0-1: Called Strike 0-2: Foul Ball, location: 2F 0-2: Ground out 6-3 (Groundball, 6)
|
Batting: LHB Earl Wiley
|
0-0: Ball 1-0: Ball 2-0: Ball 3-0: Base on Balls
|
Batting: RHB Rodney Hanna
|
0-0: Ball 1-0: Ball 2-0: Ball 3-0: Base on Balls Earl Wiley to second
|
Batting: RHB Alfredo Mojica
|
0-0: Ball 1-0: Ball 2-0: Fly out, F8 (Line Drive, 8RM)
|
Top of the 4th over - 0 run(s), 0 hit(s), 0 error(s), 2 left on base; San Antonio 3 - Glendale 2 |
BOTTOM OF THE 4TH |
Glendale Herons batting - Pitching for San Antonio BC : RHP Bryan Palmer
|
Batting: RHB Luis Trevino
|
0-0: Ball 1-0: Ground out 5-3 (Groundball, 5S)
|
Batting: LHB Marvin von Seydlitz
|
0-0: Foul Ball, location: 2F 0-1: Ball 1-1: Ball 2-1: Ball 3-1: SINGLE (Line Drive, 34)
|
Batting: SHB Pedro Vásquez
|
0-0: Fielders Choice at 2nd, 4-6 (Groundball, 34)
|
Batting: RHB Jordan Hollins
|
0-0: Ball Pedro Vásquez steals 2nd base 1-0: Foul Ball, location: 2F 1-1: Ball 2-1: Fly out, F3 (Popup, 34)
|
Bottom of the 4th over - 0 run(s), 1 hit(s), 0 error(s), 1 left on base; San Antonio 3 - Glendale 2 |
TOP OF THE 5TH |
San Antonio BC batting - Pitching for Glendale Herons : RHP Albert Braun
|
Batting: RHB Jesús Villalba
|
0-0: Called Strike 0-1: Ball 1-1: Fly out, F7 (Flyball, 7S)
|
Batting: RHB Carlos Vega
|
0-0: Swinging Strike 0-1: Called Strike 0-2: Strikes out looking
|
Batting: RHB Alfonso Bocanegra
|
0-0: Foul Ball, location: 2F 0-1: Called Strike 0-2: Fly out, F9 (Flyball, 89M)
|
Top of the 5th over - 0 run(s), 0 hit(s), 0 error(s), 0 left on base; San Antonio 3 - Glendale 2 |
BOTTOM OF THE 5TH |
Glendale Herons batting - Pitching for San Antonio BC : RHP Bryan Palmer
|
Batting: RHB Rubén Campos
|
0-0: Fly out, F8 (Flyball, 8LS)
|
Batting: RHB Héctor Moreno
|
0-0: Foul Ball, location: 2F 0-1: Fly out, F8 (Flyball, 78XD)
|
Batting: RHB Cristián Lima
|
0-0: Ball 1-0: Ball 2-0: Foul Ball, location: 2F 2-1: SINGLE (Line Drive, 6D)
|
Batting: RHB José Masaferro
|
0-0: Ball Cristián Lima steals 2nd base 1-0: Fly out, F8 (Flyball, 8RS)
|
Bottom of the 5th over - 0 run(s), 1 hit(s), 0 error(s), 1 left on base; San Antonio 3 - Glendale 2 |
TOP OF THE 6TH |
San Antonio BC batting - Pitching for Glendale Herons : RHP Albert Braun
|
Batting: RHB Franklin Gestel
|
0-0: Ball 1-0: Ground out 4-3 (Groundball, 34)
|
Batting: LHB Miguel García
|
0-0: Ball 1-0: Ball 2-0: Called Strike 2-1: Ball 3-1: Ground out 4-3 (Groundball, 34)
|
Batting: RHB Martín Álvarez
|
0-0: Ground out U3 (Groundball, 3L)
|
Top of the 6th over - 0 run(s), 0 hit(s), 0 error(s), 0 left on base; San Antonio 3 - Glendale 2 |
BOTTOM OF THE 6TH |
Glendale Herons batting - Pitching for San Antonio BC : RHP Bryan Palmer
|
Batting: LHB Esteban Trujillo
|
0-0: Ball 1-0: Swinging Strike 1-1: Ball 2-1: Fly out, F6 (Popup, 6)
|
Batting: RHB Luis Trevino
|
0-0: Ball 1-0: SINGLE (Line Drive, 9LS)
|
Batting: LHB Marvin von Seydlitz
|
0-0: Ball Luis Trevino steals 2nd base 1-0: Ball Luis Trevino is caught stealing 3rd base 2-0: Ground out 4-3 (Groundball, 4)
|
Bottom of the 6th over - 0 run(s), 1 hit(s), 0 error(s), 0 left on base; San Antonio 3 - Glendale 2 |
TOP OF THE 7TH |
San Antonio BC batting - Pitching for Glendale Herons : RHP Albert Braun
|
Batting: LHB Earl Wiley
|
0-0: Ball 1-0: Foul Ball, location: 2F 1-1: Foul Ball, location: 2F 1-2: Ball Reached via error on a dropped throw, E1
|
Batting: RHB Rodney Hanna
|
0-0: Ball 1-0: Ball 2-0: Sac Bunt - play at first, batter OUT! 2-4 Earl Wiley to second
|
Batting: RHB Alfredo Mojica
|
0-0: Called Strike 0-1: Swinging Strike 0-2: Foul Ball, location: 2F 0-2: Strikes out swinging
|
Batting: RHB Jesús Villalba
|
0-0: Intentional Walk
|
Batting: RHB Carlos Vega
|
0-0: Called Strike 0-1: Ball 1-1: Called Strike 1-2: SINGLE (Groundball, 56D) Earl Wiley to third Jesús Villalba to second Runner from 3rd tries for Home, SAFE, no throw or cutoff
|
Batting: RHB Alfonso Bocanegra
|
0-0: Called Strike 0-1: Ball 1-1: Foul Ball, location: 2F 1-2: Ball 2-2: Foul Ball, location: 2F 2-2: Foul Ball, location: 2F 2-2: Foul Ball, location: 2F 2-2: Ground out 4-3 (Groundball, 34)
|
Top of the 7th over - 1 run(s), 1 hit(s), 1 error(s), 2 left on base; San Antonio 4 - Glendale 2 |
BOTTOM OF THE 7TH |
Glendale Herons batting - Pitching for San Antonio BC : RHP Bryan Palmer
|
Now at C: Miguel Vásquez
|
|
Batting: SHB Pedro Vásquez
|
0-0: Ball 1-0: Ball 2-0: Ball 3-0: Called Strike 3-1: Base on Balls
|
Batting: RHB Jordan Hollins
|
0-0: Ball 1-0: Sac Bunt - play at first, batter OUT! 1-4 Pedro Vásquez to second
|
Batting: RHB Rubén Campos
|
0-0: Called Strike Pedro Vásquez steals 3rd base 0-1: Ball 1-1: Foul Ball, location: 2F 1-2: SINGLE (Line Drive, 9S) Pedro Vásquez scores
|
Batting: RHB Héctor Moreno
|
0-0: Called Strike 0-1: Ball 1-1: SINGLE (Line Drive, 9S) Rubén Campos to second
|
Pinch Hitting: LHB Héctor Rivera
|
0-0: Called Strike 0-1: Ball 1-1: Ball 2-1: Fielders Choice at 2nd, 5-4 (Groundball, 5) Rubén Campos to third
|
Batting: RHB José Masaferro
|
0-0: Fly out, F4 (Popup, 3D)
|
Bottom of the 7th over - 1 run(s), 2 hit(s), 0 error(s), 2 left on base; San Antonio 4 - Glendale 3 |
TOP OF THE 8TH |
San Antonio BC batting - Pitching for Glendale Herons : RHP Albert Braun
|
Pitching: LHP Doug Robinson
|
|
Now in RF: Héctor Rivera
|
|
Batting: RHB Franklin Gestel
|
0-0: Called Strike 0-1: Foul Ball, location: 2F 0-2: Ball 1-2: Strikes out looking
|
Batting: LHB Miguel García
|
0-0: Fly out, F7 (Line Drive, 78M)
|
Batting: RHB Martín Álvarez
|
0-0: Called Strike 0-1: Ball 1-1: Fly out, F8 (Flyball, 8LM)
|
Top of the 8th over - 0 run(s), 0 hit(s), 0 error(s), 0 left on base; San Antonio 4 - Glendale 3 |
BOTTOM OF THE 8TH |
Glendale Herons batting - Pitching for San Antonio BC : RHP Bryan Palmer
|
Batting: LHB Esteban Trujillo
|
0-0: Ball 1-0: Foul Ball, location: 2F 1-1: Foul Ball, location: 2F 1-2: Ball 2-2: Ball 3-2: Foul Ball, location: 2F 3-2: Ground out 4-3 (Groundball, 34)
|
Pitching: LHP Stanton Miranda
|
|
Batting: RHB Luis Trevino
|
0-0: SINGLE (Line Drive, 9LS)
|
Pinch Hitting: RHB Ronald Drumpf
|
0-0: Foul Ball, location: 2F 0-1: Ball 1-1: Ball 2-1: Ball 3-1: Base on Balls Luis Trevino to second
|
Batting: SHB Pedro Vásquez
|
0-0: Ball 1-0: Foul Ball, location: 2F 1-1: Foul Ball, location: 2F 1-2: Ball 2-2: Ball 3-2: Fly out, F9 (Flyball, 89M)
|
Pitching: RHP Tony Garza
|
|
Pinch Hitting: LHB José Rodríguez
|
0-0: Ball 1-0: Called Strike 1-1: Called Strike 1-2: 3-RUN HOME RUN (Flyball, 89XD), Distance : 422 ft
|
Batting: RHB Rubén Campos
|
0-0: Ball 1-0: Ball 2-0: Called Strike 2-1: Ball 3-1: Base on Balls
|
Batting: RHB Héctor Moreno
|
0-0: Ball 1-0: Foul Ball, location: 2F 1-1: Foul Ball, location: 2F Pickoff Throw to First - Out!
|
Bottom of the 8th over - 3 run(s), 2 hit(s), 0 error(s), 0 left on base; San Antonio 4 - Glendale 6 |
TOP OF THE 9TH |
San Antonio BC batting - Pitching for Glendale Herons : LHP Doug Robinson
|
Pitching: LHP Sergio Hernández
|
|
Now at 2B: Jim Unknown
|
|
Now at 3B: Jim Unknown
|
|
Batting: LHB Earl Wiley
|
0-0: Fly out, F6 (Popup, 6D)
|
Batting: RHB Rodney Hanna
|
0-0: Ball 1-0: Ball 2-0: Swinging Strike 2-1: Called Strike 2-2: Ball 3-2: Foul Ball, location: 2F 3-2: Base on Balls
|
Batting: RHB Alfredo Mojica
|
0-0: Ball 1-0: Foul Ball, location: 2F 1-1: Grounds into double play, 6-4-3 (Groundball, 6)
|
Top of the 9th over - 0 run(s), 0 hit(s), 0 error(s), 0 left on base; San Antonio 4 - Glendale 6 |
|